 Dungeon Crawl Stone Soup version 0.31.0-9-g3a7656b989 (console) character file.

Game seed: 7558529392502512968

32 Colgate the Chopper (level 3, 31/31 HPs)
             Began as a Minotaur Reaver on Jan 24, 2024.
             Was a Plaything of Xom.
             Quit the game on level 1 of the Dungeon.
             The game lasted 00:01:03 (1268 turns).

Colgate the Chopper (Minotaur Reaver)               Turns: 1268, Time: 00:01:04

Health: 31/31      AC:  3    Str: 18    XL:     3   Next: 8%
Magic:  4/4        EV: 11    Int: 10    God:    Xom [..*...]
Gold:   61         SH:  0    Dex:  8    Spells: 3/4 levels left

rFire   . . .        a - +0 hand axe
rCold   . . .        (no shield)
rNeg    . . .        b - +0 leather armour
rPois   .            (helmet restricted)
rElec   .            (no cloak)
rCorr   .            (no gloves)
SInv    .            (no boots)
Will    .....        (no amulet)
Stlth   +            (no ring)
HPRegen 0.25/turn    (no ring)
MPRegen 0.09/turn

%: no passive effects
@: no status effects
A: horns 2, retaliatory headbutt
a: Renounce Religion


You were on level 1 of the Dungeon.
You worshipped Xom.
You were a toy of Xom.
You visited 1 branch of the dungeon, and saw 1 of its levels.

You collected 61 gold pieces.

Inventory:

Hand Weapons
 a - a +0 hand axe (weapon)
Armour
 b - a +0 leather armour (worn)
Scrolls
 c - a scroll of blinking {unknown}
 d - a scroll of immolation {unknown}
 e - a scroll of enchant weapon {unknown}
Potions
 f - a potion of attraction {unknown}
 g - a potion of invisibility {unknown}


   Skills:
 + Level 3.2 Fighting
 + Level 4.2 Axes
 + Level 1.7 Armour
 - Level 2.1 Dodging
 - Level 1.3 Spellcasting
 - Level 2.1 Conjurations


You had 3 spell levels left.
You knew the following spells:

 Your Spells              Type           Power      Damage    Failure   Level
a - Kiss of Death         Conj/Necr      8%         2d6       26%         1

Your spell library contained the following spells:

 Spells                   Type           Power      Damage    Failure   Level
 Momentum Strike          Conj/Tloc      4%         3d8       36%         2
 Static Discharge         Conj/Air       4%         3-4/arc   36%         2
 Hailstorm                Conj/Ice       2%         3d5       58%         3
 Airstrike                Air            0%         2d(0-16)  98%         4
 Summon Lightning Spire   Summ/Air       0%         N/A       98%         4


Dungeon Overview and Level Annotations

Branches:
Dungeon (1/15)

Altars:
Xom


Innate Abilities, Weirdness & Mutations

You have a pair of horns on your head.
You reflexively headbutt those who attack you in melee.


Message History

No target in view!
Partly explored, unopened door.
You open the door.
There's nothing to open nearby.
No target in view!
There is an open door here.
No target in view!
Partly explored, unopened door.
No target in view!
Partly explored, unopened door.
You open the door.
There's nothing to open nearby.
No target in view!
There is an open door here.
There is an open door here.
You see here 2 poisoned darts.
No target in view!
Partly explored, unopened door.
No target in view!
Partly explored, unopened door.
No target in view!
Partly explored, unopened door.
You open the door.
There's nothing to open nearby.
No target in view!
Partly explored, can't reach some places.
No target in view!
Partly explored, can't reach some places.
No target in view!
Partly explored, can't reach some places.
Search for what [Enter for "d:1", or ? for help]? d:1 Unknown command.
Unknown command.
Saving game... please wait.
Welcome back, Colgate the Minotaur Reaver.
Xom says: I'm watching you, my red-headed step child.
No target in view!
Partly explored, can't reach some places.
No target in view!
Partly explored, can't reach some places.

############..#..........#
####.# ##............#
.....# ###..........#
...#.# #.......[..# ...#.#
############ ...#.# ...#.#
### ...#.# ########.######
# ...#.# ##...#.....#...##
# ...#.# #..⌠....##..##(.#
### # ...#.#
#.....###@.###..####.## #
####.# ##...####'##
##..##...## # #.#
#####.#+## ##.#..#..###
#.# ###...### ##..##...##
#.# ##...##..## #.##..#.#
#.# #...###...## ###..####
#.## #..#####...##
##.....## #..#
##...##.#...###.......##
##.#
#.....#.#...##...###...#
####.# #..⌠..##..#.##..##
##... #....#
##...##...###...## ##..#


There were no monsters in sight!

Vanquished Creatures
  4 ball pythons (D:1)
  2 bats (D:1)
  An endoplasm (D:1)
  2 giant cockroaches (D:1)
  4 goblins (D:1)
  2 hobgoblins (D:1)
  3 jackals (D:1)
  4 quokkas (D:1)
  A kobold (D:1)
  4 rats (D:1)
27 creatures vanquished.

Notes
Turn   | Place    | Note
-------+----------+-------------------------------------------
     0 | D:1      | Colgate the Minotaur Reaver began the quest for the Orb.
     0 | D:1      | Reached XP level 1. HP: 18/18 MP: 1/1
   596 | D:1      | Reached skill level 1 in Armour
   620 | D:1      | Reached XP level 2. HP: 20/25 MP: 3/3
   661 | D:1      | Noticed an eye of devastation
   663 | D:1      | Reached skill level 4 in Axes
   677 | D:1      | Noticed a glass eye
   679 | D:1      | Found a faded altar of an unknown god.
   680 | D:1      | Noticed an eye of devastation
   680 | D:1      | Noticed a shining eye
  1035 | D:1      | Prayed at the altar of an unknown god.
  1035 | D:1      | Became a worshipper of Xom the Capricious
  1146 | D:1      | Reached XP level 3. HP: 29/31 MP: 4/4
  1268 | D:1      | Quit the game

Illustrated notes

Levels and vault maps discovered:
D:1:      dpeg_cavernosity, layout_basic,
          hellmonk_ecumenical_altar_watching_god, chequers_serial_rivers_large_a

Skill      XL: |  1  2 |
---------------+-------+-----
Armour         | 1 |  1.7
Axes           | 4 |  4.2
Fighting       | 3 |  3.2
Dodging        | |  2.1
Spellcasting   | |  1.3
Conjurations   | |  2.1

Action                     || total
---------------------------++-------
  Melee: Hand axe          ||    50
         Headbutt          ||     5
 Armour: Leather armour    ||    23
  Dodge: Dodged            ||    34
